Pick #1

Connor Bedard
Pick #2

Leo Carlsson
Pick #3

Adam Fantilli
Pick #4

Matvei Michkov
Pick #5

David Reinbacher
Pick #6

William Smith
Pick #7

Zachary Benson
Pick #8

Ryan Leonard
Pick #9

Gabriel Perreault
Pick #10

Axel Sandin-Pellika
Pick #11

Daniil But
Pick #12

Dalibor Dvorsky
Pick #13

Quentin Musty
Pick #14

Brayden Yager
Pick #15

Dmitry Simashev
Pick #16

Colby Barlow
Pick #17

Andrew Cristall
Pick #18

Easton Cowan
Pick #19

Jacob Fowler
Pick #20

Oliver Moore
Pick #21

Oliver Bonk
Pick #22

Tom Willander
Pick #23

Calum Ritchie
Pick #24

Tanner Molendyk
Pick #25

Gavin Brindley
Pick #26

Nate Danielson
Pick #27

Pick #28

Pick #29

Pick #30

Pick #31

Pick #32

Pick #33

Pick #34

Pick #35

Pick #36

Pick #37

Pick #38

Pick #39

Pick #40

Pick #41

Pick #42

Pick #43

Pick #44

Pick #45

Pick #46

Pick #47

Pick #48

Pick #49

Pick #50

Pick #51

Pick #52

Pick #53

Pick #54

Pick #55

Pick #56

Pick #57

Pick #58

Pick #59

Pick #60

Pick #61

Pick #62

Pick #63

Pick #64

Pick #65

Pick #66

Pick #67

Pick #68

Pick #69

Pick #70

Pick #71

Pick #72

Pick #73

Pick #74

Pick #75

Pick #76

Pick #77

Pick #78

Pick #79

Pick #80

Pick #81

Pick #82

Pick #83

Pick #84

Pick #85

Pick #86

Pick #87

Pick #88

Pick #89

Pick #90

Pick #91

Pick #92

Pick #93

Pick #94

Pick #95

Pick #96

Pick #97

Pick #98

Pick #99

Pick #100

Pick #101

Pick #102

Pick #103

Pick #104

Pick #105

Pick #106

Pick #107

Pick #108

Pick #109

Pick #110

Pick #111

Pick #112

Pick #113

Pick #114

Pick #115

Pick #116

Pick #117

Pick #118

Pick #119

Pick #120

Pick #121

Pick #122

Pick #123

Pick #124

Pick #125

Pick #126

Pick #127

Pick #128

Pick #129

Pick #130

Full Scoreboard »»

Flames vs Stars

Created - October 29, 2023 at 02:58

Goals
1 2 3 T
Flames 1 1 0 2
Stars 0 1 0 1
Shots
1 2 3 T
Flames 18 7 14 39
Stars 8 9 9 26

GoalsPenalties
1st period
1. Flames , Jordan Kyrou 4 (Jakub Vrana 4, Steven Stamkos 7) at 11:22 (PP)
Evan Bouchard (DAL) for Hooking (Minor) at 3:14
Vincent Trocheck (DAL) for Roughing (Minor) at 10:05
John Tavares (CGY) for Roughing (Minor) at 13:44
Ryan Lindgren (CGY) for Holding (Minor) at 18:27
2nd period
2. Flames , Adam Larsson 1 (Sebastian Aho 8, Steven Stamkos 8) at 11:11
3. Stars , Elias Lindholm 4 (Matt Grzelcyk 2, Vincent Trocheck 3) at 12:48
Tanner Pearson (DAL) for Hooking (Minor) at 14:27
3rd period
No Goal
Nick Jensen (DAL) for Holding (Minor) at 1:25
Alex DeBrincat (CGY) for Holding Stick (Minor) at 7:37
Erik Gudbranson (CGY) for Hooking (Minor) at 12:39
Goalie Stats
Vitek Vanecek (CGY), 25 saves from 26 shots - (0.962), W, 4-4-1, 60:00 minutes
Pheonix Copley (DAL), 12 saves from 12 shots - (1.000), 5:49 minutes
Thatcher Demko (DAL), 25 saves from 27 shots - (0.926), L, 1-6-0, 53:29 minutes
3 StarsOfficial
1 - Adam Larsson (CGY)
2 - Steven Stamkos (CGY)
3 - Vitek Vanecek (CGY)
Referees : Chris Schlenker and Terry Koharski
Linesman : Ryan Gibbons and Ken Bonham
Game Note
Pheonix Copley is injured at 5:49 of 1st period (Bruised Right Foot)
Thatcher Demko enters game at 5:49 of 1st period
Finance
Level 1 -- Attendance: 3802 (63.37%) -- Ticket Income $665,350
Level 2 -- Attendance: 3086 (61.72%) -- Ticket Income $385,750
Level 3 -- Attendance: 1487 (74.35%) -- Ticket Income $176,953
Level 4 -- Attendance: 2602 (57.41%) -- Ticket Income $101,478
Luxury Box -- Attendance: 641 (64.10%) -- Ticket Income $192,300
Game was played at the American Airlines Center.
Total Attendance: 11618 (62.69%)
Total Ticket Income: $1,521,831
Other Income: $380,458
Total Income: $1,902,289



Team Name Goals Shots Shots Attemp Shots Blocked PIM HIT PP PK FO%
Flames 2397578291 / 4 (25%)056%
Stars 12653138150 / 4 (0%)144%

Flames
Player Name POS G A P +/- PIM HIT SHT SB MP PP MP PP SHT PK MP PK SHT FO% FOT
Adam LarssonD1011032021:190:0004:2910% 0
Alex DeBrincatRW0001202117:133:5800:000100% 1
Calvin de HaanD000-1021113:440:0000:5100% 0
Erik GudbransonD0000240117:420:0002:3600% 0
Esa LindellD0000041122:143:4003:2700% 0
Jakub VranaLW011-1002017:213:1610:0000% 2
Jared SpurgeonD0001020124:533:3404:2900% 0
John TavaresC0000203022:103:5811:46064% 28
Jordan EberleRW000000103:403:4010:0000% 0
Jordan KyrouC1010005020:103:1640:26025% 4
Kirill MarchenkoRW000-1011014:120:0000:00067% 3
Lawson CrouseLW0000036017:433:5822:1200% 0
Pierre-Edouard BellemareLW000000006:380:0005:4400% 0
Ryan LindgrenD000-1221112:520:0000:0000% 0
Sean KuralyC000000105:440:0005:44133% 12
Sebastian AhoC01110210121:453:3440:0000% 0
Steven StamkosC0221032017:343:1600:00061% 28
Zemgus GirgensonsLW000-1031015:060:0000:00062% 13
Stars
Player Name POS G A P +/- PIM HIT SHT SB MP PP MP PP SHT PK MP PK SHT FO% FOT
Anton LundellC0000001214:100:0005:02033% 21
Carter VerhaegheC0000000019:024:0500:18036% 11
Elias LindholmC1010024120:423:5112:12152% 25
Evan BouchardD0000231123:423:5612:4800% 0
Gustav ForslingD0000021125:014:0014:0200% 0
Marcus PetterssonD0001011015:550:0004:0500% 0
Matt GrzelcykD0111002015:463:5610:0000% 0
Nazem KadriC0000004118:343:5120:00052% 21
Nick JensenD000-1210316:000:0000:0000% 0
Noah CatesLW0000011011:040:0004:4400% 1
Phil KesselRW000000109:080:0000:0000% 0
Rickard RakellRW0000000014:430:0000:0000% 1
Sean DurziD000-1002323:344:0023:3300% 0
Seth JarvisC000000116:200:0000:00044% 9
Tanner PearsonLW000020006:500:0000:3100% 0
Timo MeierRW0000024018:484:0510:0000% 0
Viktor ArvidssonRW0000011013:134:0500:00050% 2
Vincent TrocheckC0110222020:103:5101:4100% 0



Play-by-Play

1st period


0:01 of 1st period - Elias Lindholm wins face-off versus Steven Stamkos in neutral zone.
0:36 of 1st period - Steven Stamkos is hit by Evan Bouchard and loses puck.
1:07 of 1st period - Shot by Lawson Crouse.
1:07 of 1st period - Shot Misses the Net.
1:09 of 1st period - Shot by Lawson Crouse.
1:09 of 1st period - Stopped by Pheonix Copley without a rebound.
1:10 of 1st period - Zemgus Girgensons wins face-off versus Anton Lundell in Stars zone.
1:51 of 1st period - Shot by Anton Lundell.
1:51 of 1st period - Stopped by Vitek Vanecek without a rebound.
1:52 of 1st period - John Tavares wins face-off versus Nazem Kadri in Flames zone.
1:59 of 1st period - Shot by Timo Meier.
1:59 of 1st period - Stopped by Vitek Vanecek without a rebound.
2:00 of 1st period - Nazem Kadri wins face-off versus John Tavares in Flames zone.
2:54 of 1st period - Off-side.
2:55 of 1st period - Steven Stamkos wins face-off versus Seth Jarvis in neutral zone.
3:02 of 1st period - Shot by Alex DeBrincat.
3:02 of 1st period - Stopped by Pheonix Copley without a rebound.
3:03 of 1st period - Zemgus Girgensons wins face-off versus Seth Jarvis in Stars zone.
3:03 of 1st period - Zemgus Girgensons is hit by Evan Bouchard.
3:05 of 1st period - Shot by Kirill Marchenko.
3:05 of 1st period - Shot Misses the Net.
3:14 of 1st period - Minor Penalty to Evan Bouchard for Hooking.
3:15 of 1st period - Steven Stamkos wins face-off versus Anton Lundell in Stars zone.
3:18 of 1st period - Shot by Jordan Kyrou.
3:18 of 1st period - Stopped by Pheonix Copley without a rebound.
3:19 of 1st period - John Tavares wins face-off versus Anton Lundell in Stars zone.
3:24 of 1st period - Shot by Lawson Crouse.
3:24 of 1st period - Stopped by Pheonix Copley without a rebound.
3:25 of 1st period - Anton Lundell wins face-off versus Jakub Vrana in Stars zone.
3:38 of 1st period - Shot by Jordan Kyrou.
3:38 of 1st period - Stopped by Pheonix Copley with a rebound.
3:40 of 1st period - Shot by Jared Spurgeon.
3:40 of 1st period - Shot Misses the Net.
3:42 of 1st period - Shot by Sebastian Aho.
3:42 of 1st period - Stopped by Pheonix Copley without a rebound.
3:43 of 1st period - Anton Lundell wins face-off versus John Tavares in Stars zone.
3:56 of 1st period - Shot by Alex DeBrincat.
3:56 of 1st period - Shot Misses the Net.
4:02 of 1st period - John Tavares is hit by Vincent Trocheck and loses puck.
4:25 of 1st period - Shot by Elias Lindholm.
4:25 of 1st period - Stopped by Vitek Vanecek without a rebound.
4:26 of 1st period - Steven Stamkos wins face-off versus Anton Lundell in Flames zone.
4:39 of 1st period - Shot by Jakub Vrana.
4:39 of 1st period - Stopped by Pheonix Copley without a rebound.
4:40 of 1st period - Anton Lundell wins face-off versus Jordan Kyrou in Stars zone.
4:49 of 1st period - Shot by Sebastian Aho.
4:49 of 1st period - Stopped by Pheonix Copley without a rebound.
4:50 of 1st period - John Tavares wins face-off versus Anton Lundell in Stars zone.
5:03 of 1st period - Shot by Sebastian Aho.
5:03 of 1st period - Stopped by Pheonix Copley without a rebound.
5:04 of 1st period - Steven Stamkos wins face-off versus Anton Lundell in Stars zone.
5:05 of 1st period - Shot by Jordan Eberle.
5:05 of 1st period - Stopped by Pheonix Copley without a rebound.
5:06 of 1st period - Steven Stamkos wins face-off versus Anton Lundell in Stars zone.
5:39 of 1st period - Shot by Lawson Crouse.
5:39 of 1st period - Shot Misses the Net.
5:41 of 1st period - Shot by John Tavares.
5:41 of 1st period - Shot Blocked by Elias Lindholm.
5:43 of 1st period - Shot by John Tavares.
5:43 of 1st period - Stopped by Pheonix Copley without a rebound.
5:44 of 1st period - Steven Stamkos wins face-off versus Nazem Kadri in Stars zone.
5:49 of 1st period - Shot by Alex DeBrincat.
5:49 of 1st period - Stopped by Pheonix Copley without a rebound.
5:49 of 1st period - Pheonix Copley from Stars is injured at 5:49 of 1st period (Bruised Right Foot).
5:49 of 1st period - Thatcher Demko enters game.
5:50 of 1st period - Nazem Kadri wins face-off versus Steven Stamkos in Stars zone.
6:11 of 1st period - Shot by Steven Stamkos.
6:11 of 1st period - Stopped by Thatcher Demko without a rebound.
6:12 of 1st period - Zemgus Girgensons wins face-off versus Elias Lindholm in Stars zone.
6:13 of 1st period - Shot by Kirill Marchenko.
6:13 of 1st period - Stopped by Thatcher Demko without a rebound.
6:14 of 1st period - John Tavares wins face-off versus Elias Lindholm in Stars zone.
6:14 of 1st period - John Tavares is hit by Gustav Forsling.
6:16 of 1st period - Shot by Sebastian Aho.
6:16 of 1st period - Stopped by Thatcher Demko without a rebound.
6:17 of 1st period - Elias Lindholm wins face-off versus John Tavares in Stars zone.
7:05 of 1st period - Icing by Adam Larsson.
7:06 of 1st period - Nazem Kadri wins face-off versus John Tavares in Flames zone.
7:33 of 1st period - Shot by Timo Meier.
7:33 of 1st period - Shot Misses the Net.
7:41 of 1st period - Shot by Nazem Kadri.
7:41 of 1st period - Shot Misses the Net.
7:43 of 1st period - Shot by Rickard Rakell.
7:43 of 1st period - Shot Misses the Net.
8:01 of 1st period - Shot by Viktor Arvidsson.
8:01 of 1st period - Stopped by Vitek Vanecek without a rebound.
8:02 of 1st period - Anton Lundell wins face-off versus Steven Stamkos in Flames zone.
9:02 of 1st period - Icing by Evan Bouchard.
9:03 of 1st period - Anton Lundell wins face-off versus Zemgus Girgensons in Stars zone.
9:03 of 1st period - Anton Lundell is hit by Zemgus Girgensons.
10:05 of 1st period - Minor Penalty to Vincent Trocheck for Roughing.
10:06 of 1st period - John Tavares wins face-off versus Elias Lindholm in Stars zone.
10:13 of 1st period - Shot by Alex DeBrincat.
10:13 of 1st period - Shot Misses the Net.
10:47 of 1st period - Shot by Lawson Crouse.
10:47 of 1st period - Stopped by Thatcher Demko without a rebound.
10:48 of 1st period - Elias Lindholm wins face-off versus Steven Stamkos in Stars zone.
10:48 of 1st period - Elias Lindholm is hit by Steven Stamkos.
10:58 of 1st period - Shot by Jared Spurgeon.
10:58 of 1st period - Shot Misses the Net.
11:22 of 1st period - Shot by Jordan Kyrou.
11:22 of 1st period - Goal by Jordan Kyrou - Flames : 1 - Stars : 0.
11:23 of 1st period - Nazem Kadri wins face-off versus Zemgus Girgensons in neutral zone.
11:29 of 1st period - Icing by Zemgus Girgensons.
11:30 of 1st period - Zemgus Girgensons wins face-off versus Carter Verhaeghe in Flames zone.
11:49 of 1st period - Elias Lindholm is hit by Kirill Marchenko and loses puck.
12:04 of 1st period - Shot by Jakub Vrana.
12:04 of 1st period - Shot Blocked by Nick Jensen.
12:37 of 1st period - Icing by Zemgus Girgensons.
12:38 of 1st period - Kirill Marchenko wins face-off versus Anton Lundell in Flames zone.
12:55 of 1st period - Shot by Alex DeBrincat.
12:55 of 1st period - Shot Misses the Net.
13:10 of 1st period - Shot by Steven Stamkos.
13:10 of 1st period - Shot Misses the Net.
13:44 of 1st period - Minor Penalty to John Tavares for Roughing.
13:45 of 1st period - Sean Kuraly wins face-off versus Elias Lindholm in Flames zone.
14:26 of 1st period - Shot by Sean Durzi.
14:26 of 1st period - Stopped by Vitek Vanecek without a rebound.
14:27 of 1st period - Carter Verhaeghe wins face-off versus Jordan Kyrou in Flames zone.
14:39 of 1st period - Icing by Carter Verhaeghe.
14:40 of 1st period - Sean Kuraly wins face-off versus Carter Verhaeghe in Stars zone.
14:40 of 1st period - Jared Spurgeon is hit by Evan Bouchard and loses puck.
15:52 of 1st period - Sean Durzi is hit by Calvin de Haan and loses puck.
16:18 of 1st period - Jakub Vrana is hit by Nick Jensen and loses puck.
16:22 of 1st period - Icing by Sean Durzi.
16:23 of 1st period - John Tavares wins face-off versus Noah Cates in Stars zone.
16:26 of 1st period - Shot by John Tavares.
16:26 of 1st period - Deflect By Jordan Kyrou.
16:26 of 1st period - Shot Blocked by Seth Jarvis.
16:58 of 1st period - Shot by John Tavares.
16:58 of 1st period - Shot Hit the Post.
17:24 of 1st period - Icing by Rickard Rakell.
17:25 of 1st period - Steven Stamkos wins face-off versus Nazem Kadri in Stars zone.
17:35 of 1st period - Off-side.
17:36 of 1st period - Steven Stamkos wins face-off versus Elias Lindholm in neutral zone.
17:56 of 1st period - Shot by Sebastian Aho.
17:56 of 1st period - Shot Misses the Net.
18:04 of 1st period - Shot by Carter Verhaeghe.
18:04 of 1st period - Shot Blocked by Jared Spurgeon.
18:06 of 1st period - Shot by Elias Lindholm.
18:06 of 1st period - Shot Blocked by Alex DeBrincat.
18:08 of 1st period - Shot by Marcus Pettersson.
18:08 of 1st period - Stopped by Vitek Vanecek without a rebound.
18:09 of 1st period - Nazem Kadri wins face-off versus Jakub Vrana in Flames zone.
18:09 of 1st period - Timo Meier is hit by Ryan Lindgren and loses puck.
18:12 of 1st period - Shot by Evan Bouchard.
18:12 of 1st period - Shot Hit the Post.
18:14 of 1st period - Shot by Timo Meier.
18:14 of 1st period - Shot Misses the Net.
18:26 of 1st period - Shot by Timo Meier.
18:26 of 1st period - Deflect By Rickard Rakell.
18:26 of 1st period - Shot Misses the Net.
18:27 of 1st period - Minor Penalty to Ryan Lindgren for Holding.
18:28 of 1st period - Elias Lindholm wins face-off versus Sean Kuraly in Flames zone.
18:29 of 1st period - Shot by Nazem Kadri.
18:29 of 1st period - Shot Misses the Net.
18:37 of 1st period - Shot by Pierre-Edouard Bellemare.
18:37 of 1st period - Shot Blocked by Sean Durzi.
18:39 of 1st period - Shot by Sean Kuraly.
18:39 of 1st period - Stopped by Thatcher Demko without a rebound.
18:40 of 1st period - Carter Verhaeghe wins face-off versus Sean Kuraly in Stars zone.
18:59 of 1st period - Shot by Timo Meier.
18:59 of 1st period - Stopped by Vitek Vanecek without a rebound.
19:00 of 1st period - Elias Lindholm wins face-off versus Sean Kuraly in Flames zone.
19:01 of 1st period - Shot by Sean Durzi.
19:01 of 1st period - Stopped by Vitek Vanecek with a rebound.
19:09 of 1st period - Shot by Sean Durzi.
19:09 of 1st period - Shot Blocked by Erik Gudbranson.
19:37 of 1st period - Off-side.
19:38 of 1st period - John Tavares wins face-off versus Carter Verhaeghe in neutral zone.
Goals for this period are 1 for Flames vs 0 for Stars.
Shots for this period are 18 for Flames vs 8 for Stars.

2nd period


0:01 of 2nd period - Elias Lindholm wins face-off versus Sean Kuraly in neutral zone.
0:44 of 2nd period - Viktor Arvidsson is hit by Esa Lindell and loses puck.
1:02 of 2nd period - Viktor Arvidsson is hit by Erik Gudbranson and loses puck.
1:25 of 2nd period - Matt Grzelcyk is hit by Jared Spurgeon.
1:47 of 2nd period - Shot by Sebastian Aho.
1:47 of 2nd period - Shot Misses the Net.
1:52 of 2nd period - Gustav Forsling is hit by Sebastian Aho and loses puck.
2:27 of 2nd period - Calvin de Haan is hit by Elias Lindholm.
2:33 of 2nd period - Evan Bouchard is hit by Zemgus Girgensons and loses puck.
2:46 of 2nd period - Elias Lindholm is hit by Calvin de Haan and loses puck.
3:14 of 2nd period - Nazem Kadri is hit by Ryan Lindgren and loses puck.
3:35 of 2nd period - Shot by Timo Meier.
3:35 of 2nd period - Stopped by Vitek Vanecek with a rebound.
4:01 of 2nd period - Lawson Crouse is hit by Noah Cates.
4:02 of 2nd period - Icing by Lawson Crouse.
4:03 of 2nd period - John Tavares wins face-off versus Anton Lundell in Flames zone.
4:32 of 2nd period - Shot by Lawson Crouse.
4:32 of 2nd period - Stopped by Thatcher Demko without a rebound.
4:33 of 2nd period - Seth Jarvis wins face-off versus Steven Stamkos in Stars zone.
4:33 of 2nd period - Seth Jarvis is hit by Sebastian Aho.
4:46 of 2nd period - Icing by Adam Larsson.
4:47 of 2nd period - Steven Stamkos wins face-off versus Rickard Rakell in Flames zone.
5:04 of 2nd period - Shot by Steven Stamkos.
5:04 of 2nd period - Shot Misses the Net.
5:06 of 2nd period - Shot by Jared Spurgeon.
5:06 of 2nd period - Shot Blocked by Evan Bouchard.
5:14 of 2nd period - Shot by Sebastian Aho.
5:14 of 2nd period - Stopped by Thatcher Demko without a rebound.
5:15 of 2nd period - Jordan Kyrou wins face-off versus Carter Verhaeghe in Stars zone.
5:16 of 2nd period - Shot by John Tavares.
5:16 of 2nd period - Shot Misses the Net.
5:21 of 2nd period - Nick Jensen is hit by Erik Gudbranson.
5:33 of 2nd period - Elias Lindholm is hit by Esa Lindell and loses puck.
5:48 of 2nd period - Shot by Vincent Trocheck.
5:48 of 2nd period - Shot Misses the Net.
5:50 of 2nd period - Shot by Sean Durzi.
5:50 of 2nd period - Shot Blocked by Esa Lindell.
5:52 of 2nd period - Shot by Sean Durzi.
5:52 of 2nd period - Shot Misses the Net.
6:49 of 2nd period - Shot by Nazem Kadri.
6:49 of 2nd period - Stopped by Vitek Vanecek without a rebound.
6:50 of 2nd period - Viktor Arvidsson wins face-off versus Steven Stamkos in Flames zone.
7:19 of 2nd period - Shot by Steven Stamkos.
7:19 of 2nd period - Shot Blocked by Anton Lundell.
7:31 of 2nd period - Shot by Sebastian Aho.
7:31 of 2nd period - Shot Blocked by Anton Lundell.
7:47 of 2nd period - Zemgus Girgensons is hit by Viktor Arvidsson and loses puck.
9:22 of 2nd period - Icing by Esa Lindell.
9:23 of 2nd period - John Tavares wins face-off versus Nazem Kadri in Flames zone.
9:25 of 2nd period - Jordan Kyrou is hit by Timo Meier and loses puck.
9:38 of 2nd period - Shot by Jordan Kyrou.
9:38 of 2nd period - Stopped by Thatcher Demko without a rebound.
9:39 of 2nd period - Seth Jarvis wins face-off versus Zemgus Girgensons in Stars zone.
9:59 of 2nd period - Tanner Pearson is hit by Zemgus Girgensons and loses puck.
10:07 of 2nd period - Icing by Sean Durzi.
10:08 of 2nd period - Seth Jarvis wins face-off versus Steven Stamkos in Stars zone.
10:08 of 2nd period - Seth Jarvis is hit by Steven Stamkos.
10:11 of 2nd period - Icing by Nick Jensen.
10:12 of 2nd period - John Tavares wins face-off versus Seth Jarvis in Stars zone.
10:18 of 2nd period - Seth Jarvis is hit by Adam Larsson and loses puck.
10:21 of 2nd period - Shot by Seth Jarvis.
10:21 of 2nd period - Stopped by Vitek Vanecek without a rebound.
10:22 of 2nd period - Steven Stamkos wins face-off versus Nazem Kadri in Flames zone.
10:43 of 2nd period - Evan Bouchard is hit by Steven Stamkos and loses puck.
10:47 of 2nd period - Icing by Evan Bouchard.
10:48 of 2nd period - John Tavares wins face-off versus Nazem Kadri in Stars zone.
10:59 of 2nd period - Shot by Lawson Crouse.
10:59 of 2nd period - Stopped by Thatcher Demko without a rebound.
11:00 of 2nd period - Steven Stamkos wins face-off versus Carter Verhaeghe in Stars zone.
11:07 of 2nd period - Shot by Steven Stamkos.
11:07 of 2nd period - Stopped by Thatcher Demko with a rebound.
11:09 of 2nd period - Shot by Sebastian Aho.
11:09 of 2nd period - Shot Misses the Net.
11:11 of 2nd period - Shot by Adam Larsson.
11:11 of 2nd period - Goal by Adam Larsson - Flames : 2 - Stars : 0.
11:12 of 2nd period - John Tavares wins face-off versus Anton Lundell in neutral zone.
11:37 of 2nd period - Gustav Forsling is hit by Lawson Crouse and loses puck.
11:54 of 2nd period - Shot by Phil Kessel.
11:54 of 2nd period - Stopped by Vitek Vanecek without a rebound.
11:55 of 2nd period - Steven Stamkos wins face-off versus Nazem Kadri in Flames zone.
12:14 of 2nd period - Shot by Sebastian Aho.
12:14 of 2nd period - Stopped by Thatcher Demko without a rebound.
12:15 of 2nd period - Elias Lindholm wins face-off versus Zemgus Girgensons in Stars zone.
12:42 of 2nd period - Shot by Elias Lindholm.
12:42 of 2nd period - Shot Misses the Net.
12:44 of 2nd period - Shot by Vincent Trocheck.
12:44 of 2nd period - Stopped by Vitek Vanecek with a rebound.
12:48 of 2nd period - Shot by Elias Lindholm.
12:48 of 2nd period - Goal by Elias Lindholm - Flames : 2 - Stars : 1.
12:49 of 2nd period - Nazem Kadri wins face-off versus John Tavares in neutral zone.
12:54 of 2nd period - Shot by Timo Meier.
12:54 of 2nd period - Stopped by Vitek Vanecek without a rebound.
12:55 of 2nd period - John Tavares wins face-off versus Nazem Kadri in Flames zone.
14:10 of 2nd period - Shot by Elias Lindholm.
14:10 of 2nd period - Stopped by Vitek Vanecek with a rebound.
14:12 of 2nd period - Shot by Vincent Trocheck.
14:12 of 2nd period - Stopped by Vitek Vanecek without a rebound.
14:13 of 2nd period - Steven Stamkos wins face-off versus Seth Jarvis in Flames zone.
14:27 of 2nd period - Minor Penalty to Tanner Pearson for Hooking.
14:28 of 2nd period - Anton Lundell wins face-off versus John Tavares in Stars zone.
14:28 of 2nd period - Anton Lundell is hit by Lawson Crouse.
14:51 of 2nd period - Shot by John Tavares.
14:51 of 2nd period - Deflect By Alex DeBrincat.
14:51 of 2nd period - Shot Blocked by Gustav Forsling.
14:53 of 2nd period - Shot by Lawson Crouse.
14:53 of 2nd period - Shot Hit the Post.
15:21 of 2nd period - Shot by Vincent Trocheck.
15:21 of 2nd period - Shot Misses the Net.
15:34 of 2nd period - Vincent Trocheck is hit by Esa Lindell and loses puck.
16:14 of 2nd period - Shot by Sebastian Aho.
16:14 of 2nd period - Shot Misses the Net.
16:18 of 2nd period - Shot by Sebastian Aho.
16:18 of 2nd period - Shot Blocked by Sean Durzi.
17:02 of 2nd period - Shot by Calvin de Haan.
17:02 of 2nd period - Shot Blocked by Nazem Kadri.
17:52 of 2nd period - Icing by Sebastian Aho.
17:53 of 2nd period - Anton Lundell wins face-off versus Steven Stamkos in Flames zone.
18:11 of 2nd period - Icing by Gustav Forsling.
18:12 of 2nd period - Zemgus Girgensons wins face-off versus Anton Lundell in Stars zone.
18:33 of 2nd period - Shot by Zemgus Girgensons.
18:33 of 2nd period - Shot Misses the Net.
19:05 of 2nd period - Icing by Erik Gudbranson.
19:06 of 2nd period - Zemgus Girgensons wins face-off versus Nazem Kadri in Flames zone.
Goals for this period are 1 for Flames vs 1 for Stars.
Shots for this period are 7 for Flames vs 9 for Stars.

3rd period


0:01 of 3rd period - Alex DeBrincat wins face-off versus Elias Lindholm in neutral zone.
0:48 of 3rd period - Jared Spurgeon is hit by Gustav Forsling and loses puck.
1:10 of 3rd period - Shot by Nazem Kadri.
1:10 of 3rd period - Stopped by Vitek Vanecek without a rebound.
1:11 of 3rd period - Kirill Marchenko wins face-off versus Nazem Kadri in Flames zone.
1:13 of 3rd period - Ryan Lindgren is hit by Timo Meier and loses puck.
1:25 of 3rd period - Minor Penalty to Nick Jensen for Holding.
1:26 of 3rd period - John Tavares wins face-off versus Anton Lundell in Stars zone.
1:59 of 3rd period - Shot by Lawson Crouse.
1:59 of 3rd period - Deflect By John Tavares.
1:59 of 3rd period - Stopped by Thatcher Demko without a rebound.
2:00 of 3rd period - Steven Stamkos wins face-off versus Anton Lundell in Stars zone.
2:17 of 3rd period - Shot by Sebastian Aho.
2:17 of 3rd period - Stopped by Thatcher Demko without a rebound.
2:18 of 3rd period - Elias Lindholm wins face-off versus Steven Stamkos in Stars zone.
2:33 of 3rd period - Shot by Jordan Kyrou.
2:33 of 3rd period - Stopped by Thatcher Demko with a rebound.
3:12 of 3rd period - Evan Bouchard is hit by Lawson Crouse and loses puck.
3:29 of 3rd period - Shot by Alex DeBrincat.
3:29 of 3rd period - Shot Misses the Net.
3:31 of 3rd period - Shot by John Tavares.
3:31 of 3rd period - Stopped by Thatcher Demko without a rebound.
3:32 of 3rd period - Zemgus Girgensons wins face-off versus Elias Lindholm in Stars zone.
3:43 of 3rd period - Shot by Kirill Marchenko.
3:43 of 3rd period - Shot Misses the Net.
4:09 of 3rd period - Shot by Carter Verhaeghe.
4:09 of 3rd period - Shot Misses the Net.
4:11 of 3rd period - Shot by Vincent Trocheck.
4:11 of 3rd period - Shot Misses the Net.
4:13 of 3rd period - Shot by Elias Lindholm.
4:13 of 3rd period - Deflect By Vincent Trocheck.
4:13 of 3rd period - Shot Blocked by Ryan Lindgren.
4:15 of 3rd period - Shot by Sean Durzi.
4:15 of 3rd period - Shot Misses the Net.
4:17 of 3rd period - Shot by Elias Lindholm.
4:17 of 3rd period - Shot Blocked by Calvin de Haan.
5:02 of 3rd period - Jordan Kyrou is hit by Marcus Pettersson and loses puck.
5:34 of 3rd period - Noah Cates is hit by Jared Spurgeon and loses puck.
5:53 of 3rd period - Shot by Sebastian Aho.
5:53 of 3rd period - Stopped by Thatcher Demko without a rebound.
5:54 of 3rd period - Elias Lindholm wins face-off versus Kirill Marchenko in Stars zone.
6:07 of 3rd period - Shot by Kirill Marchenko.
6:07 of 3rd period - Shot Blocked by Nick Jensen.
6:09 of 3rd period - Shot by Ryan Lindgren.
6:09 of 3rd period - Stopped by Thatcher Demko with a rebound.
6:17 of 3rd period - Shot by Zemgus Girgensons.
6:17 of 3rd period - Shot Blocked by Nick Jensen.
6:32 of 3rd period - Carter Verhaeghe is hit by Esa Lindell and loses puck.
7:00 of 3rd period - Shot by Esa Lindell.
7:00 of 3rd period - Stopped by Thatcher Demko without a rebound.
7:01 of 3rd period - Nazem Kadri wins face-off versus Steven Stamkos in Stars zone.
7:11 of 3rd period - Rickard Rakell is hit by Adam Larsson and loses puck.
7:37 of 3rd period - Minor Penalty to Alex DeBrincat for Holding Stick.
7:38 of 3rd period - Elias Lindholm wins face-off versus Sean Kuraly in Flames zone.
7:38 of 3rd period - Elias Lindholm is hit by Erik Gudbranson.
7:40 of 3rd period - Shot by Vincent Trocheck.
7:40 of 3rd period - Shot Misses the Net.
7:42 of 3rd period - Shot by Elias Lindholm.
7:42 of 3rd period - Stopped by Vitek Vanecek without a rebound.
7:43 of 3rd period - Sean Kuraly wins face-off versus Elias Lindholm in Flames zone.
8:00 of 3rd period - Shot by Gustav Forsling.
8:00 of 3rd period - Stopped by Vitek Vanecek with a rebound.
8:55 of 3rd period - Shot by Timo Meier.
8:55 of 3rd period - Shot Hit the Post.
8:57 of 3rd period - Shot by Matt Grzelcyk.
8:57 of 3rd period - Stopped by Vitek Vanecek without a rebound.
8:58 of 3rd period - Carter Verhaeghe wins face-off versus Sean Kuraly in Flames zone.
8:59 of 3rd period - Shot by Gustav Forsling.
8:59 of 3rd period - Shot Misses the Net.
9:19 of 3rd period - Shot by Adam Larsson.
9:19 of 3rd period - Shot Blocked by Sean Durzi.
9:21 of 3rd period - Shot by Adam Larsson.
9:21 of 3rd period - Stopped by Thatcher Demko without a rebound.
9:22 of 3rd period - Nazem Kadri wins face-off versus John Tavares in Stars zone.
9:29 of 3rd period - Shot by Nazem Kadri.
9:29 of 3rd period - Stopped by Vitek Vanecek without a rebound.
9:30 of 3rd period - John Tavares wins face-off versus Elias Lindholm in Flames zone.
9:36 of 3rd period - Icing by Vincent Trocheck.
9:37 of 3rd period - Seth Jarvis wins face-off versus John Tavares in Stars zone.
10:00 of 3rd period - Shot by Matt Grzelcyk.
10:00 of 3rd period - Stopped by Vitek Vanecek without a rebound.
10:01 of 3rd period - Elias Lindholm wins face-off versus Zemgus Girgensons in Flames zone.
10:25 of 3rd period - Shot by Jakub Vrana.
10:25 of 3rd period - Stopped by Thatcher Demko without a rebound.
10:26 of 3rd period - Nazem Kadri wins face-off versus John Tavares in Stars zone.
11:12 of 3rd period - Shot by Rickard Rakell.
11:12 of 3rd period - Shot Misses the Net.
11:31 of 3rd period - Icing by Evan Bouchard.
11:32 of 3rd period - Steven Stamkos wins face-off versus Elias Lindholm in Stars zone.
11:37 of 3rd period - Shot by Sebastian Aho.
11:37 of 3rd period - Stopped by Thatcher Demko without a rebound.
11:38 of 3rd period - Steven Stamkos wins face-off versus Viktor Arvidsson in Stars zone.
12:08 of 3rd period - Icing by Erik Gudbranson.
12:09 of 3rd period - Elias Lindholm wins face-off versus Steven Stamkos in Flames zone.
12:15 of 3rd period - Elias Lindholm is hit by Erik Gudbranson and loses puck.
12:39 of 3rd period - Minor Penalty to Erik Gudbranson for Hooking.
12:40 of 3rd period - Carter Verhaeghe wins face-off versus Sean Kuraly in Flames zone.
12:40 of 3rd period - Carter Verhaeghe is hit by Adam Larsson.
13:00 of 3rd period - Shot by Evan Bouchard.
13:00 of 3rd period - Stopped by Vitek Vanecek without a rebound.
13:01 of 3rd period - Elias Lindholm wins face-off versus Sean Kuraly in Flames zone.
13:38 of 3rd period - Shot by Nazem Kadri.
13:38 of 3rd period - Stopped by Vitek Vanecek without a rebound.
13:39 of 3rd period - John Tavares wins face-off versus Carter Verhaeghe in Flames zone.
13:49 of 3rd period - Off-side.
13:50 of 3rd period - Sean Kuraly wins face-off versus Carter Verhaeghe in neutral zone.
14:07 of 3rd period - Shot by Timo Meier.
14:07 of 3rd period - Deflect By Carter Verhaeghe.
14:07 of 3rd period - Shot Misses the Net.
15:09 of 3rd period - Shot by Noah Cates.
15:09 of 3rd period - Shot Blocked by Sebastian Aho.
15:11 of 3rd period - Shot by Noah Cates.
15:11 of 3rd period - Stopped by Vitek Vanecek without a rebound.
15:12 of 3rd period - Nazem Kadri wins face-off versus John Tavares in Flames zone.
15:29 of 3rd period - Shot by Lawson Crouse.
15:29 of 3rd period - Stopped by Thatcher Demko without a rebound.
15:30 of 3rd period - Zemgus Girgensons wins face-off versus Anton Lundell in Stars zone.
16:11 of 3rd period - Shot by Zemgus Girgensons.
16:11 of 3rd period - Shot Misses the Net.
17:10 of 3rd period - Jordan Kyrou is hit by Elias Lindholm and loses puck.
17:16 of 3rd period - Icing by Adam Larsson.
17:17 of 3rd period - Nazem Kadri wins face-off versus Jordan Kyrou in Flames zone.
17:42 of 3rd period - Shot by Zemgus Girgensons.
17:42 of 3rd period - Stopped by Thatcher Demko without a rebound.
17:43 of 3rd period - Steven Stamkos wins face-off versus Seth Jarvis in Stars zone.
17:44 of 3rd period - Shot by Sebastian Aho.
17:44 of 3rd period - Stopped by Thatcher Demko with a rebound.
18:22 of 3rd period - Shot by Seth Jarvis.
18:22 of 3rd period - Shot Misses the Net.
18:54 of 3rd period - Shot by Jakub Vrana.
18:54 of 3rd period - Shot Misses the Net.
18:56 of 3rd period - Shot by Zemgus Girgensons.
18:56 of 3rd period - Shot Misses the Net.
18:58 of 3rd period - Shot by Calvin de Haan.
18:58 of 3rd period - Stopped by Thatcher Demko without a rebound.
18:59 of 3rd period - John Tavares wins face-off versus Elias Lindholm in Stars zone.
19:05 of 3rd period - Icing by Sean Durzi.
19:06 of 3rd period - John Tavares wins face-off versus Elias Lindholm in Stars zone.
19:15 of 3rd period - Jared Spurgeon is hit by Vincent Trocheck and loses puck.
19:18 of 3rd period - Stars, Thatcher Demko is pulled from the net.
Goals for this period are 0 for Flames vs 0 for Stars.
Shots for this period are 14 for Flames vs 9 for Stars.